cohdb
Replays
Latest Replays
All Replays
Popular Replays
Top Player Replays
Match Explorer
How It Works
Community
CoH3 Stats
Reddit
Sign in to upload your games and track your stats! →
Sign in with Steam
Match 41918417
Unlisted
Match 41918417
Overview
Messages
Build Orders
End
Kettenkrad Recon Vehicle
Pioneer Squad
Construct Infanterie Kompanie
MG 42 Machine Gun Team
Selects Mechanized Battlegroup
Grenadier Squad
Grenadier Squad
Medical Station
Selects Mobile Repair Stations
Grenadier Squad
Construct Luftwaffe Kompanie
GrW 34 Mortar Team
221 Scout Car
221 Scout Car
GrW 34 Mortar Team
Selects Wespe Self-propelled Artillery
221 Scout Car
Infanterie Officer Quarters
Flak 30 Anti-aircraft Gun Team
221 Scout Car
221 Scout Car
Selects Raid Package
Construct Panzergrenadier Kompanie
Wespe Self-propelled Artillery
Wespe Self-propelled Artillery
Selects 8 Rad Armored Car
Wespe Self-propelled Artillery
251 Medium Carrier
Ze Shadow (KC)
风逝无痕
Mister Snowballs
抖音-疾风
老猫
Go Ahead
CPU - VERY EASY
Shine
0
0
Comments
sign in to comment!
No comments posted yet!